 Dungeon Crawl Stone Soup version 0.28-a0-657-g71136c5590 (webtiles) character file.

Game seed: 11060302789482748288

61 lawman0 the Covert (level 4, -4/41 HPs)
             Began as a Gnoll Delver on Oct 13, 2021.
             Slain by a water moccasin skeleton (5 damage)
             ... on level 5 of the Dungeon.
             The game lasted 00:00:22 (150 turns).

lawman0 the Covert (Gnoll Delver)                    Turns: 150, Time: 00:00:22

Health: -4/41      AC:  3    Str: 12    XL:     4   Next: 7%
Magic:  4/5        EV: 13    Int: 10    God:
Gold:   11         SH:  0    Dex: 13    Spells: 5/5 levels left

rFire   . . .      SeeInvis .   a - +0 falchion
rCold   . . .      Faith    .   (no shield)
rNeg    . . .      Spirit   .   b - +0 leather armour
rPois   .          Reflect  .   (no helmet)
rElec   .          Harm     .   (no cloak)
rCorr   .          Rampage  .   (no gloves)
Will    .....                   (no boots)
Stlth   ++++......              (no amulet)
HPRegen 0.13/turn               (no ring)
MPRegen 0.09/turn               (no ring)

@: attractive, hasted, very quick
A: fangs 1, strong nose, distributed training
a: no special abilities


You were on level 5 of the Dungeon.
You visited 1 branch of the dungeon, and saw 1 of its levels.

You collected 11 gold pieces.

Inventory:

Hand Weapons
 a - a +0 falchion (weapon)
Armour
 b - a +0 leather armour (worn)
Wands
 g - a wand of digging (3)
Scrolls
 c - a scroll of fog
 e - a scroll of fear
Potions
 d - a potion of attraction


   Skills:
 + Level 6.5 Fighting
 + Level 1.0 Short Blades
 + Level 4.6 Long Blades
 + Level 1.0 Axes
 + Level 1.0 Maces & Flails
 + Level 1.0 Polearms
 + Level 1.0 Staves
 + Level 1.0 Slings
 + Level 1.0 Bows
 + Level 1.0 Crossbows
 + Level 1.0 Throwing
 + Level 1.0 Armour
 + Level 4.6 Dodging
 + Level 9.6 Stealth
 + Level 1.0 Shields
 + Level 1.0 Unarmed Combat
 + Level 1.0 Spellcasting
 + Level 0.7 Conjurations
 + Level 0.7 Hexes
 + Level 0.7 Summonings
 + Level 0.7 Necromancy
 + Level 0.7 Translocations
 + Level 0.7 Transmutations
 + Level 0.7 Fire Magic
 + Level 0.7 Ice Magic
 + Level 0.7 Air Magic
 + Level 0.7 Earth Magic
 + Level 0.7 Poison Magic
 + Level 1.1 Invocations
 + Level 1.0 Evocations


You had 5 spell levels left.
You didn't know any spells.
Your spell library was empty.

Dungeon Overview and Level Annotations

Branches:
Dungeon (5/15)             Temple (0/1) D:5

Altars:


Innate Abilities, Weirdness & Mutations

You have very sharp teeth.
Your uncanny sense of smell can sniff out nearby items.
Your experience applies equally to all skills.


Message History

You feel stronger.
Unknown command.
You closely miss the water moccasin skeleton.
The water moccasin skeleton bites you. The water moccasin skeleton bites you!
* * * LOW HITPOINT WARNING * * *
You are too injured to fight recklessly!
You barely miss the water moccasin skeleton.
The water moccasin skeleton closely misses you.
You are too injured to fight recklessly!
You are too injured to fight recklessly!
You closely miss the water moccasin skeleton.
The water moccasin skeleton barely misses you.
You are too injured to fight recklessly!
You closely miss the water moccasin skeleton.
The water moccasin skeleton barely misses you.
The water moccasin skeleton bites you but does no damage.
It was a potion of attraction.
You feel attractive to monsters. The water moccasin skeleton misses you.
You hit the water moccasin skeleton.
The water moccasin skeleton is lightly damaged.
The water moccasin skeleton bites you but does no damage.
You closely miss the water moccasin skeleton.
The water moccasin skeleton is lightly damaged.
The water moccasin skeleton barely misses you.
You slash the water moccasin skeleton!
The water moccasin skeleton is moderately damaged.
The water moccasin skeleton bites you!
* * * LOW HITPOINT WARNING * * *
You closely miss the water moccasin skeleton.
The water moccasin skeleton is moderately damaged.
The water moccasin skeleton bites you.
* * * LOW HITPOINT WARNING * * *
The water moccasin skeleton barely misses you.
You hit the water moccasin skeleton.
The water moccasin skeleton is heavily damaged.
The water moccasin skeleton closely misses you.
Unknown command.
You feel yourself speed up. The water moccasin skeleton bites you.
You die...

*,,,,,,,,,,**,,*,,,,,,*,,,*,
***,,,,**....,,#*,,,,,**,,,,
***,,,,....,.,*,..###*....
******#..##..#*...#.##... *
***,,+,+......###.........
*********,,,**#...##.#....#......
**,,,,***,,,**#...#.....#.##.#...
*,,,,,,**,_,+,+...>.....#.##.....
**,,,,,,*,,,**#.@.........#......
,*,,,,,,*,,,**#.Z...............>
,,,,,*,,**,,+,+..................
,,,,***,,**####......##.##.......
,,,,,,,,,,,#...!.....##.##.......
,**,,,,**,*#....##......###......
**,,,,***.......#..#..#.##.......
**,,,,,,,..........##............
*,,,,,,,*###...###...............


You could see a water moccasin skeleton.

Vanquished Creatures
  A bullfrog zombie (D:5)
  A bullfrog skeleton (D:5)
2 creatures vanquished.

Notes
Turn   | Place    | Note
-------+----------+-------------------------------------------
     0 | D:5      | Reached skill level 9 in Stealth
     0 | D:5      | lawman0 the Gnoll Delver began the quest for the Orb.
     0 | D:5      | Reached XP level 1. HP: 23/23 MP: 1/1
    23 | D:5      | Reached XP level 2. HP: 19/29 MP: 2/2
    23 | D:5      | Reached XP level 3. HP: 23/35 MP: 3/3
   140 | D:5      | Reached skill level 1 in Short Blades
   140 | D:5      | Reached skill level 1 in Axes
   140 | D:5      | Reached skill level 1 in Maces & Flails
   140 | D:5      | Reached skill level 1 in Polearms
   140 | D:5      | Reached skill level 1 in Staves
   140 | D:5      | Reached skill level 1 in Slings
   140 | D:5      | Reached skill level 1 in Bows
   140 | D:5      | Reached skill level 1 in Crossbows
   140 | D:5      | Reached skill level 1 in Throwing
   140 | D:5      | Reached skill level 1 in Armour
   140 | D:5      | Reached skill level 1 in Shields
   140 | D:5      | Reached skill level 1 in Unarmed Combat
   140 | D:5      | Reached skill level 1 in Spellcasting
   140 | D:5      | Reached skill level 1 in Invocations
   140 | D:5      | Reached skill level 1 in Evocations
   140 | D:5      | Reached XP level 4. HP: 24/41 MP: 3/5
   148 | D:5      | HP: 1/41 [water moccasin skeleton (4)]
   150 | D:5      | Slain by a water moccasin skeleton

Illustrated notes

Levels and vault maps discovered:
D:5:      cheibrodos_iron_armory, layout_cave_pools, dk_xom_monty_hall,
          gammafunk_temple_overflow_arena, lemuel_temple_firewalk_a,
          minmay_misc_feat_hallway, minmay_shop_enchanted_jewellery

Skill      XL: |  1  2  3 |
---------------+----------+-----
Stealth        | |  9.6
Short Blades   | 1 |  1.0
Axes           | 1 |  1.0
Maces & Flails | 1 |  1.0
Polearms       | 1 |  1.0
Staves         | 1 |  1.0
Slings         | 1 |  1.0
Bows           | 1 |  1.0
Crossbows      | 1 |  1.0
Throwing       | 1 |  1.0
Armour         | 1 |  1.0
Shields        | 1 |  1.0
Unarmed Combat | 1 |  1.0
Spellcasting   | 1 |  1.0
Invocations    | 1 |  1.1
Evocations     | 1 |  1.0
Fighting       | |  6.5
Long Blades    | |  4.6
Dodging        | |  4.6
Conjurations   | |  0.7
Hexes          | |  0.7
Summonings     | |  0.7
Necromancy     | |  0.7
Translocations | |  0.7
Transmutations | |  0.7
Fire Magic     | |  0.7
Ice Magic      | |  0.7
Air Magic      | |  0.7
Earth Magic    | |  0.7
Poison Magic   | |  0.7

Action                   |  1- 3 |  4- 6 || total
-------------------------+-------+-------++-------
Melee: Falchion          |    14 |     9 ||    23
       Bite              |     2 |       ||     2
  Use: Scroll            |     1 |       ||     1
       Potion            |       |     2 ||     2
 Stab: Sleeping          |     1 |       ||     1
Armor: Leather armour    |     4 |     2 ||     6
Dodge: Dodged            |    12 |     7 ||    19

Table legend: (Time is in decaauts)
 A = Elapsed time spent in this place.
 B = Non-inter-level travel time spent in this place.
 C = Inter-level travel time spent in this place.
 D = Time resting spent in this place.
 E = Time spent auto-exploring this place.
 F = Levels seen in this place.
 G = Mean time per level.
                   A        B        C        D        E       F      G
               +--------+--------+--------+--------+--------+-----+--------+
         Total |    151 |    151 |      0 |    101 |      0 |   1 |  151.0 |
       Dungeon |    151 |    151 |      0 |    101 |      0 |   1 |  151.0 |
               +--------+--------+--------+--------+--------+-----+--------+

Top non-repeatable levels by time:
     D:5: 151 daAuts
